 Dungeon Crawl Stone Soup version 0.18-a0-1-gfac8111 (webtiles) character file.

3661 M4edhros the Covert (level 10, -5/58 HPs)
             Began as an Octopode Artificer on Oct 30, 2015.
             Was a High Priest of Cheibriados.
             Slain by Gastronok (23 damage)
             ... on level 9 of the Dungeon.
             The game lasted 00:19:51 (9263 turns).

M4edhros the Covert (Octopode Artificer)            Turns: 9263, Time: 00:19:52

Health: -5/58      AC:  1    Str: 22    XL:     10   Next: 12%
Magic:  11/17      EV: 16    Int: 26    God:    Cheibriados [*****.]
Gold:   410        SH:  0    Dex: 28    Spells: 2 memorised, 11 levels left

rFire  + . .     SeeInvis .     y - +0 blowgun
rCold  . . .     Clarity  .     (no shield)
rNeg   . . .     SustAt   .     (helmet restricted)
rPois  .         Gourm    .     (no amulet)
rElec  .         Spirit   .     E - +4 ring of dexterity
rCorr  .         Warding  .     C - ring of protection from fire
rMut   .         Stasis   .     (no ring)
MR     .....                    (no ring)
Stlth  +++++++...               (no ring)
                                (no ring)
                                (no ring)
                                (no ring)

@: very slow, not resistant to hostile enchantments, extremely stealthy
A: almost no armour, amphibious, 8 rings, constrict 8, tentacle spike 1,
camouflage 1, blurry vision 1, clumsy 1, screaming 1, wild magic 1, gelatinous
body 1, MP-powered wands
a: Bend Time, Temporal Distortion, Slouch, Step From Time, Renounce Religion


You were on level 9 of the Dungeon.
You worshipped Cheibriados.
Cheibriados was extremely pleased with you.
You were not hungry.

You visited 2 branches of the dungeon, and saw 10 of its levels.

You collected 410 gold pieces.

Inventory:

Hand Weapons
 a - a +0 short sword
 h - a +0 hunting sling
 m - a +0 dagger of electrocution
 y - a +0 blowgun (weapon)
Missiles
 i - 248 stones
 j - 53 sling bullets
 n - 6 poisoned javelins
 A - 10 poisoned needles (quivered)
Jewellery
 C - a ring of protection from fire (right tentacle)
 E - a +4 ring of dexterity (left tentacle)
Wands
 c - a wand of enslavement (10)
 d - a wand of random effects (11)
 t - a wand of flame (10)
 w - a wand of polymorph (2)
 D - a wand of invisibility (6)
Scrolls
 g - 4 scrolls of fear
 l - 5 scrolls of magic mapping
 o - 2 scrolls of teleportation
 r - 9 scrolls of remove curse
 v - 2 scrolls of fog
 x - 2 scrolls of amnesia
 F - a scroll of immolation
 H - a scroll of enchant armour
Potions
 B - a potion of magic
Books
 u - a book of Transfigurations

   Spells                             Type                      Level
   a - Stoneskin                      Transmutation/Earth          2
   b - Irradiate                      Conjuration/Transmutation    5
   c - Statue Form                    Transmutation/Earth          6
   d - Hydra Form                     Transmutation                6
   e - Dragon Form                    Transmutation                7
 J - a book of Unlife

   Spells                             Type                      Level
   a - Recall                         Summoning/Translocation      3
   b - Animate Dead                   Necromancy                   4
   c - Control Undead                 Necromancy                   4
   d - Cigotuvi's Embrace             Necromancy                   5
   e - Death Channel                  Necromancy                   6
   f - Simulacrum                     Ice/Necromancy               6
Comestibles
 e - 9 bread rations
 f - a royal jelly
 k - 6 meat rations
 p - 2 beef jerkies
 q - 5 fruits
 z - 9 slices of pizza


   Skills:
 - Level 1.0 Fighting
 - Level 1.0 Short Blades
 + Level 5.0 Slings
 + Level 4.2 Dodging
 * Level 9.9 Stealth
 * Level 5.1 Spellcasting
 * Level 5.0 Transmutations
 * Level 5.1 Earth Magic
 + Level 6.2 Evocations


You had 11 spell levels left.
You knew the following spells:

 Your Spells              Type           Power        Failure   Level  Hunger
a - Stoneskin             Trmt/Erth      #####...     4%          2    None
b - Statue Form           Trmt/Erth      #####....    99%         6    ######.


Dungeon Overview and Level Annotations

Branches:
Dungeon (9/15)             Temple (1/1) D:5
   Lair: D:8-11         Orc: D:9-12

Altars:
Ashenzari
Cheibriados
Dithmenos
Elyvilon
Fedhas
Gozag
Kikubaaqudgha
Makhleb
Nemelex Xobeh
Okawaru
Qazlal
Ru
Sif Muna
Trog
Vehumet
Xom
Yredelemnul
Zin
The Shining One

Shops:
D:4 !

Annotations:
D:6 Duffy's ghost, novice FoBe
D:9 Gastronok


Innate Abilities, Weirdness & Mutations

You cannot wear most types of armour.
You are amphibious.
You can wear up to eight rings at the same time.
You can use your tentacles to constrict eight enemies at once.
Your skin changes colour to match your surroundings (Stealth).
Your rubbery body absorbs attacks (AC +1).
One of your tentacles bears a spike.
Scrolls take you a little longer to read.
You are clumsy. (Dex -2)
You occasionally shout uncontrollably at your foes.
Your spells are a little harder to cast, but a little more powerful.
You expend magic power (3 MP) to strengthen your wands.


Message History

You begin reading the scroll.
You continue reading the scroll.
Gastronok closely misses you.
As you read the scroll of fear, it crumbles to dust.
You assume a fearsome visage.
Gastronok easily resists.
Evoke which item? (* to show all) (? for menu, Esc to quit)
Zapping:
t - a wand of flame (will waste charges)
Press: ? - help, Shift-Dir - straight line, f/p - Gastronok
Aim: Gastronok, wearing a hat (heavily wounded, poisoned)
The puff of flame hits Gastronok.
Gastronok is heavily wounded.
Evoking this partially-identified wand wasted a few charges.
Evoke which item? (* to show all) (? for menu, Esc to quit)
Zapping:
t - a wand of flame {zapped: 3} (will waste charges)
Press: ? - help, Shift-Dir - straight line, f/p - Gastronok
Aim: Gastronok, wearing a hat (heavily wounded, poisoned)
The puff of flame hits Gastronok.
Gastronok is severely wounded.
Evoking this partially-identified wand wasted a few charges.
Gastronok bites you!!
You die...

#.........#
#......>..#
#.........#
#.........#
#.........#
+.........#
#.w.......#
#..@......#
########'##
#.# #.# #.#
#.# #.# #.#
#.#


You could see Gastronok.

Vanquished Creatures
  Pikel (D:7)
  Prince Ribbit (D:7)
  A deep elf fighter (D:8)
  A wyvern (D:8)
  2 ice beasts
  2 necrophages
  2 phantoms
  A slave (D:7)
  4 ogres
  3 orc warriors
  A sky beast (D:8)
  2 centaurs (D:7)
  2 giant frogs
  2 orc priests
  2 big kobolds
  A scorpion (D:8)
  2 crimson imps
  3 jellies
  5 hounds
  4 orc wizards
  A centaur skeleton (D:6)
  A giant frog skeleton (D:7)
  Terence (D:3)
  4 worker ants
  A hound skeleton (D:7)
  4 gnolls (D:8)
  A worker ant zombie (D:5)
  14 adders
  2 shadow imps (D:5)
  An ooze (D:5)
  5 worms
  5 giant geckos
  14 orcs
  8 giant cockroaches
  10 goblins
  5 hobgoblins
  20 jackals
  3 ball pythons
  7 bats
  A giant gecko skeleton (D:5)
  5 giant newts
  19 kobolds
  A quokka zombie (D:9)
  4 rats
179 creatures vanquished.

Vanquished Creatures (collateral kills)
  A crimson imp (D:8)
  A worker ant (D:5)
  A giant cockroach (D:1)
  A bat (D:1)
  A goblin (D:1)
5 creatures vanquished.

Vanquished Creatures (others)
  An ogre (D:5)
  3 slaves (D:7)
4 creatures vanquished.

Grand Total: 188 creatures vanquished

Notes
Turn   | Place    | Note
--------------------------------------------------------------
     0 | D:1      | M4edhros the Octopode Artificer began the quest for the Orb.
     0 | D:1      | Reached XP level 1. HP: 13/13 MP: 3/3
   347 | D:1      | Reached XP level 2. HP: 18/18 MP: 4/4
   754 | D:1      | Reached skill level 1 in Slings
   754 | D:1      | Reached XP level 3. HP: 17/23 MP: 5/5
  1264 | D:3      | Reached XP level 4. HP: 26/28 MP: 6/6
  1323 | D:3      | Reached skill level 4 in Stealth
  1397 | D:3      | Noticed Terence
  1682 | D:3      | Killed Terence
  1977 | D:4      | Found a sacrificial altar of Ru.
  2018 | D:4      | Reached XP level 5. HP: 30/33 MP: 7/7
  2108 | D:5      | Entered Level 5 of the Dungeon
  2129 | D:5      | Noticed an ogre
  2143 | D:5      | an ogre (ally) was killed
  2322 | D:5      | Found a staircase to the Ecumenical Temple.
  2332 | Temple   | Entered the Ecumenical Temple
  2471 | Temple   | Became a worshipper of Cheibriados the Contemplative
  2509 | D:4      | Reached skill level 5 in Stealth
  2923 | D:2      | Found a shimmering altar of Xom.
  3080 | D:3      | Reached XP level 6. HP: 18/38 MP: 9/9
  3138 | D:3      | Reached * piety under Cheibriados
  3552 | D:3      | Reached skill level 1 in Spellcasting
  3722 | D:3      | Found a blossoming altar of Fedhas.
  4145 | D:4      | Found a basalt altar of Yredelemnul.
  4238 | D:4      | Found Qaeq's Distillery.
  4693 | D:4      | Learned a level 2 spell: Stoneskin
  5178 | D:5      | Reached ** piety under Cheibriados
  5178 | D:5      | Reached skill level 1 in Earth Magic
  5182 | D:5      | Noticed an ice beast
  5188 | D:5      | Killed an ice beast
  5188 | D:5      | Reached skill level 1 in Transmutations
  5188 | D:5      | Reached XP level 7. HP: 43/43 MP: 10/10
  5295 | D:5      | Reached skill level 6 in Stealth
  5463 | D:5      | Noticed a necrophage
  5474 | D:5      | Killed a necrophage
  5870 | D:6      | Noticed Duffy's ghost (novice FoBe)
  5902 | D:7      | Reached XP level 8. HP: 48/48 MP: 10/12
  6110 | D:7      | Reached skill level 7 in Stealth
  6154 | D:7      | Reached skill level 5 in Evocations
  6185 | D:7      | Noticed Pikel
  6193 | D:7      | Killed Pikel
  6193 | D:7      | Reached XP level 9. HP: 24/53 MP: 11/14
  6454 | D:7      | Reached skill level 8 in Stealth
  6474 | D:7      | Noticed Prince Ribbit
  6695 | D:7      | Reached *** piety under Cheibriados
  6761 | D:7      | Killed Prince Ribbit
  6983 | D:7      | Found a shadowy altar of Dithmenos.
  7790 | D:6      | Reached **** piety under Cheibriados
  8074 | D:6      | Reached skill level 9 in Stealth
  8219 | D:8      | Gained mutation: Your spells are a little harder to cast, but a little more powerful. [mutagenic meat]
  8220 | D:8      | Gained mutation: You expend magic power (3 MP) to strengthen your wands. [mutagenic meat]
  8221 | D:8      | Gained mutation: One of your tentacles bears a spike. [mutagenic meat]
  8222 | D:8      | Gained mutation: You are clumsy. (Dex -2) [mutagenic meat]
  8223 | D:8      | Gained mutation: You occasionally shout uncontrollably at your foes. [mutagenic meat]
  8224 | D:8      | Gained mutation: Scrolls take you a little longer to read. [mutagenic meat]
  8231 | D:8      | Found a white marble altar of Elyvilon.
  8240 | D:8      | Found an ancient bone altar of Kikubaaqudgha.
  8814 | D:8      | Reached XP level 10. HP: 58/58 MP: 7/17
  8817 | D:8      | Reached skill level 5 in Slings
  8817 | D:8      | Reached skill level 5 in Spellcasting
  8817 | D:8      | Reached skill level 5 in Earth Magic
  8827 | D:8      | Learned a level 6 spell: Statue Form
  8891 | D:8      | Reached skill level 5 in Transmutations
  9134 | D:8      | Reached ***** piety under Cheibriados
  9241 | D:9      | Noticed Gastronok
  9263 | D:9      | Slain by Gastronok

Vault maps used:
D:1:      saegor_arrival_simple_c
D:2:      old_standard_altar
D:3:      fedhas_altar_4, minivault_24, uniq_terence
D:4:      lemuel_coloured_pillars_altar, nicolae_ru_sacrificial_ziggurat,
          serial_shops, shop_fountains
D:5:      minmay_temple_entry_nine_rooms, first_bread
D:7:      nicolae_dithmenos_through_a_glass_darkly, hangedman_decor_peaks_small,
          uniq_pikel, uniq_prince_ribbit1
D:8:      grunt_temple_overflow_open, grunt_pizzeria
D:9:      enter_bailey_3, minmay_statues_item, nrook_mini_vaults,
          kennysheep_windowed_goal, uniq_psyche, uniq_gastronok
Temple:   triangle_lava_temple_12

Action                   |  1- 3 |  4- 6 |  7- 9 | 10-12 || total
-------------------------+-------+-------+-------+-------++-------
Melee: Short sword       |    69 |   120 |    49 |       ||   238
       Dagger            |       |       |   129 |    16 ||   145
 Fire: Hunting sling     |    10 |    27 |    24 |    10 ||    71
       Blowgun           |       |       |    25 |     9 ||    34
 Cast: Stoneskin         |       |       |     1 |       ||     1
Evoke: Wand              |     2 |    11 |    17 |     2 ||    32
  Use: Potion            |       |     9 |     2 |       ||    11
       Scroll            |       |       |     8 |     3 ||    11
 Stab: Sleeping          |     8 |     8 |    19 |     2 ||    37
       Paralysed         |     2 |       |     1 |       ||     3
       Distracted        |     1 |     1 |     1 |       ||     3
  Eat: Chunk             |     1 |     9 |    11 |     1 ||    22
